 Dungeon Crawl Stone Soup version 0.17-a0-1-g1f4be75 (webtiles) character file.

49 McCoppin the Cudgeler (level 3, -6/29 HPs)
             Began as a Demonspawn Chaos Knight on Mar 5, 2015.
             Mangled by a gnoll
             ... wielding a +2 whip of pain
              (9 damage)
             ... on level 2 of the Dungeon.
             The game lasted 00:03:23 (1431 turns).

McCoppin the Cudgeler (Demonspawn Chaos Knight)     Turns: 1431, Time: 00:03:23

Health: -6/29      AC:  5    Str: 13    XL:     3   Next: 53%
Magic:  3/3        EV: 11    Int: 13    God:    Xom [......]
Gold:   74         SH:  0    Dex: 12    Spells: 0 memorised, 2 levels left

rFire  . . .     SeeInvis .     a - +0 mace (chaos)
rCold  . . .     Clarity  .     b - +2 leather armour
rNeg   . . .     SustAb   .     (no shield)
rPois  .         Gourm    .     (helmet restricted)
rElec  .         Spirit   .     (no cloak)
rCorr  .         Warding  .     (no gloves)
rMut   .         Stasis   .     (no boots)
MR     .....                    (no amulet)
Stlth  +.........               (no ring)
                                (no ring)

@: not resistant to hostile enchantments, very unstealthy
A: horns 1, powered by pain 1
a: Renounce Religion


You were on level 2 of the Dungeon.
You worshipped Xom.
You were a very special plaything of Xom.
You were not hungry.

You visited 1 branch of the dungeon, and saw 2 of its levels.

You collected 74 gold pieces.

Inventory:

Hand weapons
 a - a +0 mace of chaos (weapon)
 h - a +0 whip
Armour
 b - a +2 leather armour (worn)
Scrolls
 f - a scroll of fear {unknown}
 g - 2 scrolls of teleportation {unknown}
 i - a scroll of remove curse {unknown}
 j - a scroll of blinking {unknown}
Comestibles
 c - a bread ration
 k - 3 fruits


   Skills:
 - Level 3.0 Fighting
 + Level 4.1 Maces & Flails
 - Level 1.7 Armour
 - Level 0.8 Dodging


You had 2 spell levels left.
You didn't know any spells.

Dungeon Overview and Level Annotations

Branches:
Dungeon (2/15)

Altars:


Innate Abilities, Weirdness & Mutations

You have a pair of small horns on your head.
You sometimes gain a little power by taking damage.


Message History

You detect creatures!
You are now a very special plaything of Xom.
The gnoll hits you with a short sword.
* * * LOW HITPOINT WARNING * * *
Drink which item? (? for menu, Esc to quit)
It was a potion of cancellation.
You feel magically purged.
Xom is amused.
The gnoll hits you with a short sword.
* * * LOW HITPOINT WARNING * * *
Read which item? (? for menu, Esc to quit)
As you read the scroll labeled JEIMEZ HIOTHROU, it crumbles to dust.
You feel aware of your surroundings.
It was a scroll of magic mapping.
The gnoll hits you with a short sword.
* * * LOW HITPOINT WARNING * * *
You hit the gnoll but do no damage. You headbutt the gnoll.
You kill the gnoll!
You hit the gnoll. You burn the gnoll.
The gnoll is moderately wounded.
The gnoll completely misses you. The gnoll hits you with a whip of pain!
You die...

..[..##....# ***** *******,,,
#..####....# *g,,*** *,*,,**,**
#### ##...#
*,,,r,*****,,,,,,,,, #...#
*,,,**,,*,,,,,,,,*** ####..##
********,*,,*,,*** # ###.....##
*******,,,*** #......†.#
*,,,,,,
#........####################**
#..........b.(@g..†.........#
#........b#..####.).......).#
##.....#....###...#.........#
#..#...#....................#
**#.##.###.##...#####.........#
*,,,##.##.....### #........g#
*,..#..#......# #)........#**
*,............# #............
*,............# #............


You could see a gnoll.

Vanquished Creatures
  A gnoll (D:2)
  5 bats
  7 goblins
  8 hobgoblins
  3 giant cockroaches (D:1)
  3 jackals (D:1)
  7 kobolds
  4 rats (D:1)
38 creatures vanquished.

Notes
Turn   | Place    | Note
--------------------------------------------------------------
     0 | D:1      | McCoppin, the Demonspawn Chaos Knight, began the quest for the Orb.
     0 | D:1      | Reached XP level 1. HP: 18/18 MP: 1/1
   250 | D:1      | Gained mutation: You have a pair of small horns on your head. [demonic ancestry]
   250 | D:1      | Reached XP level 2. HP: 21/24 MP: 2/2
   830 | D:1      | Gained mutation: You sometimes gain a little power by taking damage. [demonic ancestry]
   830 | D:1      | Reached XP level 3. HP: 29/29 MP: 3/3
  1033 | D:1      | XOM: colour smoke trail
  1048 | D:1      | XOM: mild Air miscast
  1378 | D:2      | Reached skill level 4 in Maces & Flails
  1413 | D:2      | XOM: noise
  1423 | D:2      | XOM: butterfly on damage
  1427 | D:2      | XOM: divination: detect creatures
  1431 | D:2      | Mangled by a gnoll

Action                   || total
-------------------------++-------
Melee: Mace              ||    94
  Use: Scroll            ||     2
       Potion            ||     1
  Eat: Bread ration      ||     1
